 Dungeon Crawl Stone Soup version 0.22-a0-430-g6609fc6 (webtiles) character file.

133 raistware the Magician (level 4, -2/30 HPs)
             Began as a Mummy Wizard on May 25, 2018.
             Killed from afar by an orc wizard (4 damage)
             ... with a puff of frost
             ... on level 3 of the Dungeon on May 26, 2018.
             The game lasted 00:08:16 (3069 turns).

raistware the Magician (Mummy Wizard)               Turns: 3069, Time: 00:08:17

Health: -2/30      AC:  2    Str: 10    XL:     4   Next: 93%
Magic:  1/10       EV: 12    Int: 18    God:
Gold:   165        SH:  0    Dex: 10    Spells: 0/11 levels left

rFire    x . .     SeeInvis .   c - +2 dagger (drain)
rCold    + . .     Gourm    .   (no shield)
rNeg     + + +     Faith    .   a - +0 robe
rPois    ∞         Spirit   .   b - +0 hat
rElec    .         Reflect  .   (no cloak)
rCorr    .         Harm     .   (no gloves)
MR       .....     Rnd*Tele +   (no boots)
Stlth    ++........             (no amulet)
HPRegen  0.10/turn              e - ring of teleportation (curse)
MPRegen  0.12/turn              f - ring of wizardry

@: no status effects
A: no food or potions, fire vulnerability, cold resistance 1, negative energy
resistance 3, torment resistance, unbreathing
a: no special abilities


You were on level 3 of the Dungeon.
You were not hungry.

You visited 1 branch of the dungeon, and saw 4 of its levels.

You collected 165 gold pieces.

Inventory:

Hand Weapons
 c - a +2 dagger of draining (weapon)
Armour
 a - a +0 robe (worn)
 b - a +0 hat (worn)
Jewellery
 e - a cursed ring of teleportation (left hand)
 f - a ring of wizardry (right hand)
 j - a +3 ring of intelligence
Scrolls
 d - 4 scrolls of identify {unknown}
 g - a scroll of magic mapping {unknown}
 h - 2 scrolls of fear {unknown}
 i - 3 scrolls of remove curse {unknown}
 k - 2 scrolls of teleportation {unknown}
 l - a scroll of amnesia {unknown}
 m - 2 scrolls of enchant weapon {unknown}
 n - a scroll of noise {unknown}


   Skills:
 + Level 1.7 Dodging
 + Level 1.7 Stealth
 + Level 4.1 Spellcasting
 + Level 3.5 Conjurations
 - Level 1.0 Summonings
 - Level 1.0 Translocations
 + Level 0.3 Fire Magic


You couldn't memorise any spells.
You knew the following spells:

 Your Spells              Type           Power        Failure   Level  Hunger
a - Magic Dart            Conj           ###.         1%          1    N/A
b - Blink                 Tloc           N/A          6%          2    N/A
c - Call Imp              Summ           #.......     6%          2    N/A
d - Conjure Flame         Conj/Fire      ##......     8%          3    N/A
e - Mephitic Cloud        Conj/Pois/Air  #.......     11%         3    N/A

Your spell library contained the following spells:

 Spells                   Type           Power        Failure   Level  Hunger
 Slow                     Hex            #.......     9%          2    N/A
 Pain                     Necr           #...         6%          1    N/A
 Animate Skeleton         Necr           N/A          6%          1    N/A

Dungeon Overview and Level Annotations

Branches:
Dungeon (4/15)
 Temple: D:4-7

Altars:
Elyvilon
Trog
Xom


Innate Abilities, Weirdness & Mutations

You do not eat or drink.
Your flesh is vulnerable to fire.
You are immune to poison.
Your flesh is cold resistant. (rC+)
You are immune to negative energy. (rN+++)
You are immune to unholy pain and torment.
You can survive without breathing.


Message History

The orc wizard is almost dead.
The orc hits you with a hand axe.
* * * LOW HITPOINT WARNING * * *
The orc wizard mumbles some strange words.
The orc wizard flickers and vanishes!
Deactivating autopickup; reactivate with Ctrl-A.
Casting: Magic Dart (safe; 1% risk of failure)
Confirm with . or Enter, or press ? or * to list all spells.
You blink.
Casting: Blink (safe; 6% risk of failure)
Confirm with . or Enter, or press ? or * to list all spells.
You don't have enough magic to cast that spell.
You aren't carrying any items that you can evoke.
Unknown command.
A magic dart appears from out of thin air!
The magic dart hits you!
* * * LOW HITPOINT WARNING * * *
A puff of frost appears from out of thin air!
The puff of frost hits you! You resist.
You die...

#...###.#
#)...## #)##.#
#⌠.≈⌠##.#
#...#####.##.#
.#..#.######
##...........#
≈.#.≈≈(#...#
#.######.####
.≈≈#..≈###.#
#.###.##.#
.....#≈# #.#
#.##.#.#.#
≈...≈#≈# #.#
#.#.###..#
#.##.≈## #.#
#.##.#.###
≈#.#.## #.#
#@###.##
⌠≈..## #.# #.#
#.# ##### #.#
#.###.#
##########.#
#.##..#
...........#
#o##.##
#.##########
#>##.# #.#
#.##.# #.#
#.##.##### #.#
#.##.....#


You could see an orc.

Vanquished Creatures
  Jessica (D:2)
  A hound skeleton (D:3)
  4 adders
  A shadow imp (D:3)
  4 leopard geckos
  5 orcs (D:3)
  2 giant cockroaches
  7 goblins
  3 hobgoblins
  3 quokkas
  4 bats
  2 frilled lizards
  2 kobolds
  3 rats
42 creatures vanquished.

Vanquished Creatures (collateral kills)
  2 hobgoblins (D:2)
2 creatures vanquished.

Grand Total: 44 creatures vanquished

Notes
Turn   | Place    | Note
-------+----------+-------------------------------------------
     0 | D:1      | raistware the Mummy Wizard began the quest for the Orb.
     0 | D:1      | Reached XP level 1. HP: 13/13 MP: 5/5
    34 | D:1      | Reached skill level 1 in Conjurations
   310 | D:1      | Reached XP level 2. HP: 19/19 MP: 4/7
   314 | D:1      | Learned a level 2 spell: Blink
   317 | D:1      | Learned a level 2 spell: Call Imp
  1283 | D:2      | Reached XP level 3. HP: 24/24 MP: 1/8
  1493 | D:2      | Noticed Jessica
  1679 | D:2      | Upgraded the game from 0.22-a0-429-g97ce8ef to 0.22-a0-430-g6609fc6
  1885 | D:2      | Killed Jessica
  1885 | D:2      | Reached XP level 4. HP: 30/30 MP: 6/10
  1894 | D:2      | Learned a level 3 spell: Conjure Flame
  1898 | D:2      | Learned a level 3 spell: Mephitic Cloud
  1901 | D:2      | Identified Jessica's Collected Works on Unholy Secrets
  2501 | D:3      | Reached skill level 1 in Summonings
  2682 | D:3      | Found a shimmering altar of Xom.
  2866 | D:3      | Reached skill level 1 in Translocations
  2932 | D:3      | Found a white marble altar of Elyvilon.
  2934 | D:3      | Found a bloodstained altar of Trog.
  3069 | D:3      | Killed from afar by an orc wizard

Vault maps used:
D:1:      mushboom_english_gardens
D:2:      kennysheep_jessica_study
D:3:      chequers_temple_overflow_statue_of_worship, tgw_xom, first_ration,
          lemuel_old_faithful
D:4:      temple_pool_b, grunt_tough_drop, uniq_pikel

Skill      XL: |  1  2  3  4 |
---------------+-------------+-----
Conjurations   | 1 2 3 |  3.5
Summonings     | 1 |  1.0
Translocations | 1 |  1.0
Dodging        | |  1.7
Stealth        | |  1.7
Spellcasting   | |  4.1
Fire Magic     | |  0.3

Action                   |  1- 3 |  4- 6 || total
-------------------------+-------+-------++-------
Melee: Unarmed           |    11 |       ||    11
       Dagger            |     4 |    20 ||    24
 Cast: Magic Dart        |    77 |    43 ||   120
       Call Imp          |     1 |       ||     1
       Blink             |       |     1 ||     1
  Use: Scroll            |     1 |       ||     1
 Stab: Sleeping          |     2 |     2 ||     4
Armor: Robe              |     6 |     3 ||     9
Dodge: Dodged            |    22 |    17 ||    39

Table legend:
 A = Spawn XP
 B = Non-spawn XP
 C = Spawn XP percentage of total XP
 D = Spawn monster count
 E = Non-spawn monster count
 F = Spawn count percentage of total count
 G = Total turns spent on level
                    A         B        C        D         E        F      G
               +---------+---------+-------+---------+---------+-------+---------
         Total |       0 |     190 |   0.0 |       0 |      44 |   0.0 |  3069
               +---------+---------+-------+---------+---------+-------+---------
           D:1 |       0 |      17 |   0.0 |       0 |      11 |   0.0 |   987
           D:2 |       0 |     110 |   0.0 |       0 |      22 |   0.0 |  1375
           D:3 |       0 |      63 |   0.0 |       0 |      11 |   0.0 |   702
               +---------+---------+-------+---------+---------+-------+---------
